 Dungeon Crawl Stone Soup version 0.19-a0-934-gf1df8d1 (webtiles) character file.

187 rageheart7 the Grave Robber (level 5, 0/35 HPs)
             Began as a Mummy Necromancer on July 7, 2016.
             Slain by an ogre
             ... wielding a +0 giant club
              (7 damage)
             ... on level 3 of the Dungeon.
             The game lasted 00:13:02 (2462 turns).

rageheart7 the Grave Robber (Mummy Necromancer)     Turns: 2462, Time: 00:13:03

Health: 0/35       AC:  4    Str: 11    XL:     5   Next: 39%
Magic:  0/11       EV: 11    Int: 15    God:
Gold:   102        SH:  0    Dex: 13    Spells: 3 memorised, 7 levels left

rFire  x x .     SeeInvis .     c - +0 club
rCold  + + .     Gourm    .     e - +0 leather armour (curse)
rNeg   + + +     Faith    .     (no shield)
rPois  ∞         Spirit   .     g - +0 helmet
rElec  .         Dismiss  .     (no cloak)
rCorr  .         Reflect  .     (no gloves)
SustAt .         Harm     .     (no boots)
MR     .....                    (no amulet)
Stlth  ++........               (no ring)
                                f - ring of ice

@: not resistant to hostile enchantments, unstealthy
A: no food or potions, fire vulnerability, cold resistance 1, negative energy
resistance 3, torment resistance, unbreathing
a: no special abilities


You were on level 3 of the Dungeon.
You were not hungry.

You visited 1 branch of the dungeon, and saw 3 of its levels.

You collected 102 gold pieces.

Inventory:

Hand Weapons
 c - a +0 club (weapon)
Missiles
 d - 133 stones (quivered)
 h - 4 javelins
Armour
 e - a cursed +0 leather armour (worn)
 g - a +0 helmet (worn)
 i - a +4 ring mail of fire resistance
Jewellery
 a - an uncursed ring of positive energy {unknown}
 f - a ring of ice (left hand)
Scrolls
 j - a scroll of enchant weapon {unknown}
Books
 b - a book of Necromancy

   Spells                             Type                      Level
   a - Pain                           Necromancy                   1
   b - Animate Skeleton               Necromancy                   1
   c - Vampiric Draining              Necromancy                   3
   d - Regeneration                   Charms/Necromancy            3
   e - Animate Dead                   Necromancy                   4
   f - Control Undead                 Necromancy                   4


   Skills:
 - Level 1.5 Dodging
 - Level 1.5 Stealth
 * Level 4.1 Spellcasting
 + Level 5.3 Necromancy


You had 7 spell levels left.
You knew the following spells:

 Your Spells              Type           Power        Failure   Level  Hunger
a - Pain                  Necr           ###.         2%          1    N/A
b - Animate Skeleton      Necr           N/A          2%          1    N/A
c - Vampiric Draining     Necr           ###.......   10%         3    N/A

Dungeon Overview and Level Annotations

Branches:
Dungeon (3/15)

Altars:


Innate Abilities, Weirdness & Mutations

You do not eat or drink.
Your flesh is vulnerable to fire.
You are immune to poison.
Your flesh is cold resistant. (rC+)
You are immune to negative energy. (rN+++)
You are immune to unholy pain and torment.
You can survive without breathing.


Message History

Aim: an ogre, wielding a giant club (heavily wounded)
The ogre is heavily wounded.
You feel life coursing into your body. The ogre hits you with a giant club!!
Ouch! That really hurt!
* * * LOW HITPOINT WARNING * * *
Casting: Vampiric Draining
Confirm with . or Enter, or press ? or * to list all spells.
Aiming: Vampiric Draining
Press: ? - help, Shift-Dir - straight line, f/p - ogre
Aim: an ogre, wielding a giant club (heavily wounded)
The ogre is severely wounded.
You feel life coursing into your body.
Casting: Vampiric Draining
Confirm with . or Enter, or press ? or * to list all spells.
Aiming: Vampiric Draining
Press: ? - help, Shift-Dir - straight line, f/p - ogre
Aim: an ogre, wielding a giant club (severely wounded)
The ogre is almost dead.
You feel life coursing into your body. The ogre hits you with a giant club!
You die...

#.# #...#
#.#####.#
#...ZZ.Z# #
#######Z# ## ##Z.#
##. ##.Z.####..
########.......'..
#........#####.#..
#@######.# #.##.
#O#g%.#..# #.###
#gg...#..# #.# #
###.%.#..#####.#
####!.......#
##.########
##...## ##..%..##
# ##.......## #


You could see an ogre and 2 goblins.

Vanquished Creatures
  Jessica (D:2)
  Terence (D:3)
  8 adders
  An ooze (D:1)
  A worm (D:3)
  A dart slug (D:1)
  4 giant geckos
  2 orcs (D:3)
  4 giant cockroaches
  5 goblins
  6 hobgoblins
  9 kobolds
  5 bats
  2 giant newts (D:2)
  2 rats
52 creatures vanquished.

Vanquished Creatures (collateral kills)
  A hobgoblin (D:2)
  2 bats (D:2)
  3 goblins (D:3)
  A kobold (D:2)
7 creatures vanquished.

Grand Total: 59 creatures vanquished

Notes
Turn   | Place    | Note
-------+----------+-------------------------------------------
     0 | D:1      | rageheart7 the Mummy Necromancer began the quest for the Orb.
     0 | D:1      | Reached XP level 1. HP: 13/13 MP: 3/3
   190 | D:1      | Reached XP level 2. HP: 19/19 MP: 0/5
   400 | D:1      | Learned a level 1 spell: Animate Skeleton
   601 | D:1      | Reached XP level 3. HP: 24/24 MP: 2/6
  1189 | D:2      | Reached XP level 4. HP: 30/30 MP: 6/8
  1249 | D:2      | HP: 1/30 [adder (4)]
  1250 | D:2      | Reached skill level 5 in Necromancy
  1441 | D:2      | Noticed Jessica
  1460 | D:2      | Killed Jessica
  1807 | D:2      | Learned a level 3 spell: Vampiric Draining
  2016 | D:3      | Reached XP level 5. HP: 35/35 MP: 7/10
  2075 | D:3      | Noticed Terence
  2136 | D:3      | Killed Terence
  2425 | D:3      | Noticed an ogre
  2462 | D:3      | Slain by an ogre

Vault maps used:
D:1:      dpeg_arrival_houses_and_road, minivault_27
D:2:      uniq_jessica
D:3:      minmay_ogre_servants, uniq_iyjb, uniq_terence, uniq_natasha

Skill      XL: |  1  2  3  4  5 |
---------------+----------------+-----
Spellcasting   | 3 4 |  4.1
Necromancy     | 5 |  5.3
Dodging        | |  1.5
Stealth        | |  1.5

Action                   |  1- 3 |  4- 6 || total
-------------------------+-------+-------++-------
Melee: Club              |    13 |    36 ||    49
Throw: Stone             |     6 |       ||     6
 Cast: Pain              |    56 |    47 ||   103
       Animate Skeleton  |     6 |     9 ||    15
       Vampiric Draining |       |     9 ||     9
  Use: Scroll            |     3 |     6 ||     9
Armor: Robe              |    12 |       ||    12
       Leather armour    |     7 |    27 ||    34
Dodge: Dodged            |    55 |    41 ||    96
